 Dungeon Crawl Stone Soup version 0.27-a0-1191-g601b473118 (webtiles) character file.

Game seed: 7924054638009356344

39881 gruber the Devastator (level 13, -6/105 HPs)
             Began as a Demigod Conjurer on May 24, 2021.
             Mangled by a boulder beetle (58 damage)
             ... on level 6 of the Lair of Beasts.
             The game lasted 00:27:05 (24722 turns).

gruber the Devastator (Demigod Conjurer)           Turns: 24722, Time: 00:27:05

Health: -6/105     AC: 12    Str: 12    XL:     13   Next: 37%
Magic:  15/38      EV: 30    Int: 36    God:
Gold:   1412       SH:  0    Dex: 15    Spells: 14/28 levels left

rFire    + . .     SeeInvis .   E - +11 hand axe of an ossuary {vorpal, rElec}
rCold    + . .     Faith    .   (no shield)
rNeg     . . .     Spirit   .   j - +1 robe {rC+}
rPois    +         Reflect  .   v - +2 helmet of Qazlal {rPois rF+ rCorr Str-2}
rElec    +         Harm     .   l - +0 cloak
rCorr    +         Rampage  .   y - +2 pair of gloves {Dex+3}
Will     +....                  w - +1 pair of boots
Stlth    ++........             r - amulet of the acrobat
HPRegen  0.27/turn              b - ring of magical power
MPRegen  0.26/turn              u - +6 ring of strength

@: acrobatic
A: high mp 1, forlorn
a: no special abilities


You were on level 6 of the Lair of Beasts.
You visited 2 branches of the dungeon, and saw 20 of its levels.

You collected 1713 gold pieces.
You spent 301 gold pieces at shops.

Inventory:

Hand Weapons
 t - a +2 whip of holy wrath
 E - the +11 hand axe of an ossuary (weapon) {vorpal, rElec}
   (You found it on level 8 of the Dungeon)

   It inflicts extra damage upon your enemies.
   It insulates you from electricity.
 G - the +10 flail of Discord {freeze, rC+}
   (You found it on level 10 of the Dungeon)

   It has been specially enchanted to freeze those struck by it, causing extra
   injury to most foes and up to half again as much damage against particularly
   susceptible opponents.
   It can also slow down cold-blooded creatures.
   It protects you from cold.
Missiles
 f - 5 throwing nets
 J - 5 atropa-tipped darts
Armour
 j - a +1 robe of cold resistance (worn)
 l - a +0 cloak (worn)
 v - the +2 helmet of Qazlal (worn) {rPois rF+ rCorr Str-2}
   (You found it on level 6 of the Dungeon)

   It affects your strength (-2).
   It protects you from fire.
   It protects you from poison.
   It protects you from acid and corrosion.
 w - a +1 pair of boots (worn)
 y - a +2 pair of gloves of dexterity (worn)
Jewellery
 b - a ring of magical power (left hand)
 r - an amulet of the acrobat (around neck)
 s - a ring of magical power
 u - a +6 ring of strength (right hand)
 I - a +4 ring of evasion
 Q - a ring of ice
 S - a +6 ring of dexterity
 T - a ring of ice
 V - a +4 ring of protection
 W - a ring of protection from fire
Wands
 h - a wand of flame (45)
 D - a wand of iceblast (9)
 O - a wand of polymorph (8)
 P - a wand of mindburst (14)
 U - a wand of paralysis (11)
Scrolls
 a - 3 scrolls of blinking {unknown}
 d - 14 scrolls of identify {unknown}
 g - 3 scrolls of vulnerability {unknown}
 k - 2 scrolls of fear {unknown}
 n - 4 scrolls of magic mapping {unknown}
 p - 8 scrolls of teleportation
 x - 2 scrolls of immolation {unknown}
 z - 6 scrolls of enchant armour
 H - 3 scrolls of fog {unknown}
 K - 2 scrolls of amnesia {unknown}
 M - a scroll of silence {unknown}
 N - a scroll of enchant weapon {unknown}
Potions
 c - 5 potions of curing
 e - a potion of resistance {unknown}
 i - 4 potions of ambrosia
 m - 4 potions of heal wounds
 o - 6 potions of degeneration {unknown}
 q - a potion of might
 A - a potion of lignification {unknown}
 B - 4 potions of attraction
 C - 3 potions of flight {unknown}
 F - a potion of mutation {unknown}
 L - a potion of magic {unknown}
 R - a potion of haste {unknown}


   Skills:
 - Level 7.0 Fighting
 - Level 0.2 Long Blades
 - Level 3.9(4.0) Axes
 - Level 0.2(2.4) Polearms
 - Level 0.2(0.3) Staves
 - Level 0.2 Slings
 - Level 0.2 Bows
 - Level 0.2 Crossbows
 - Level 7.5 Dodging
 - Level 1.7 Stealth
 - Level 0.2 Shields
 - Level 8.0 Spellcasting
 * Level 15.7 Conjurations
 - Level 0.2 Hexes
 - Level 0.2 Summonings
 - Level 0.5 Necromancy
 - Level 0.2 Translocations
 - Level 0.4 Transmutations
 - Level 0.2 Fire Magic
 - Level 5.2 Ice Magic
 - Level 0.2 Air Magic
 - Level 0.4 Earth Magic
 - Level 0.3 Poison Magic


You had 14 spell levels left.
You knew the following spells:

 Your Spells              Type           Power      Damage    Failure   Level
a - Magic Dart            Conj           100%       1d8       0%          1
b - Searing Ray           Conj           100%       3d7       0%          2
c - Frozen Ramparts       Ice            100%       1d12      1%          3
d - Summon Ice Beast      Ice/Summ       34%        N/A       9%          4
e - Hailstorm             Conj/Ice       74%        3d15      1%          4

Your spell library contained the following spells:

 Spells                   Type           Power      Damage    Failure   Level
 Freeze                   Ice            100%       1d11      1%          1
 Dazzling Flash           Conj/Hex       100%       N/A       1%          3
 Ozocubu's Armour         Ice            51%        N/A       1%          3
 Fulminant Prism          Conj/Hex       32%        3d16      1%          4
 Iskenderun's Mystic Bla  Conj/Tloc      64%        2d13      1%          4
 Animate Skeleton         Necr           36%        N/A       2%          1
 Apportation              Tloc           32%        N/A       2%          1
 Beastly Appendage        Tmut           34%        N/A       2%          1
 Corona                   Hex            17%        N/A       2%          1
 Summon Small Mammal      Summ           64%        N/A       2%          1
 Irradiate                Conj/Tmut      32%        3d24      2%          5
 Call Imp                 Summ           16%        N/A       3%          2
 Wereblood                Tmut           17%        N/A       3%          2
 Call Canine Familiar     Summ           16%        N/A       8%          3
 Spider Form              Tmut/Pois      8%         N/A       8%          3
 Summon Guardian Golem    Hex/Summ       16%        N/A       8%          3
 Ice Form                 Ice/Tmut       34%        N/A       9%          4
 Summon Lightning Spire   Summ/Air       16%        N/A       26%         4
 Metabolic Englaciation   Hex/Ice        17%        N/A       26%         5
 Hydra Form               Tmut           8%         N/A       54%         5
 Blade Hands              Tmut           8%         N/A       98%         6
 Statue Form              Tmut/Erth      11%        N/A       98%         6
 Dragon Form              Tmut           8%         N/A       100%        7


Dungeon Overview and Level Annotations

Branches:
Dungeon (14/15)            Temple (0/1) D:4            Lair (6/6) D:10
  Swamp (0/4) Lair:3       Spider (0/4) Lair:3        Slime (0/5) Lair:5
    Orc (0/2) D:9
 Vaults: D:13-14

Shops:
D:6 [   D:7 [(

Portals:
Trove: D:13 (give 8 scrolls of blinking)


Innate Abilities, Weirdness & Mutations

Your attributes grow dramatically as you level up.
You have an increased reservoir of magic. (+10% MP)
You shall have no god before yourself.


Message History

Unknown command.
Casting: Summon Ice Beast (dangerous; 9% risk of failure)
Confirm with . or Enter, or press ? or * to list all spells.
Casting: Hailstorm (safe; 1% risk of failure)
Press: ? - help, Dir - look around, f - activate Really hailstorm near your ice beast?
Okay, then.
Unknown command.
Unknown command.
Unknown command.
Casting: Hailstorm (safe; 1% risk of failure)
Confirm with . or Enter, or press ? or * to list all spells.
Casting: Hailstorm (safe; 1% risk of failure)
Press: ? - help, Dir - look around, f - activate Really hailstorm near your ice beast?
Okay, then.
Casting: Hailstorm (safe; 1% risk of failure)
Confirm with . or Enter, or press ? or * to list all spells.
Casting: Hailstorm (safe; 1% risk of failure)
Press: ? - help, Dir - look around, f - activate Really hailstorm near your ice beast?
Okay, then.
Your ice beast completely misses the boulder beetle.
The boulder beetle leaps!
The death yak completely misses you.
The boulder beetle leaps!
The boulder beetle curls into a ball and begins rolling!
Your ice beast barely misses the boulder beetle.
The boulder beetle completely misses you.
The boulder beetle stops rolling and uncurls.
The boulder beetle closely misses you.
Your ice beast hits the boulder beetle but does no damage.
The death yak gores your ice beast!!
The boulder beetle curls into a ball and begins rolling!
Your ice beast hits the death yak.
Your ice beast freezes the death yak!
The death yak gores your ice beast!!
Your ice beast dies!
The death yak bellows!
The boulder beetle hits you!!!
Ouch! That really hurt!
You die...

....###.....Y.≈≈≈......#
...#.#.....♣.Y.♣......##
.....####...Y.........P#
.....# ##.#.##Y......##
...### #.####°Y.....P#
...# ### #.°......# ..##
#..○....## ...#
##BY.....# ..##
##@......# ..###
#........# ....#
##......## ...##
#........# ..##
##......## ...#
#........# ...#
##......## ..##
#P......P# ...#
#.......###


You could see 3 death yaks and a boulder beetle (rolling).

Vanquished Creatures
  Fannar (Lair:2)
  2 boulder beetles
  2 catoblepae (Lair:6)
  A hydra (Lair:3)
  A centaur warrior (D:13)
  3 two-headed ogres
  7 death yaks (Lair:6)
  4 manticores
  An ugly thing (D:7)
  2 cyclopes (D:13)
  4 black mambas
  A gargoyle (D:10)
  11 cane toads
  A torpor snail (Lair:6)
  4 kobold demonologists (D:11)
  10 komodo dragons
  A freezing wraith (D:11)
  A tengu conjurer (D:12)
  2 trolls (D:13)
  4 polar bears
  5 blink frogs (Lair:1)
  Sigmund (D:2)
  A wraith (D:10)
  A shadow (D:9)
  A tarantella (Lair:3)
  3 vampires
  2 basilisks
  Eustachio (D:4)
  8 wyverns
  21 yaks
  Grum (D:10)
  2 steam dragons (D:8)
  20 water moccasins
  A nameless horror (Lair:6)
  An orc warrior (D:9)
  An ice beast (D:6)
  A sky beast (D:8)
  A hornet zombie (D:7)
  3 black bears
  An ogre (D:5)
  2 wolves (D:10)
  7 centaurs
  2 kobold brigands
  16 bullfrogs
  5 scorpions
  A wyvern skeleton (D:5)
  A water moccasin skeleton (D:5)
  8 killer bees
  2 electric eels
  12 howler monkeys
  A bullfrog zombie (D:5)
  6 centaur zombies
  3 orc priests
  2 hounds (D:4)
  5 jellies
  Crazy Yiuf (D:2)
  2 centaur skeletons
  An iguana (D:6)
  12 orc wizards
  A scorpion zombie (D:5)
  A killer bee zombie (D:6)
  A hound skeleton (D:4)
  A howler monkey zombie (D:8)
  4 gnolls
  6 adders
  A white imp (D:7)
  An ufetubus (D:5)
  An adder skeleton (D:5)
  2 worms (D:3)
  3 dart slugs (D:3)
  32 orcs
  6 endoplasms
  9 giant cockroaches
  10 goblins
  9 hobgoblins
  15 jackals
  12 kobolds
  2 quokkas (D:1)
  6 ball pythons
  6 bats
  4 frilled lizards
  4 rats
  A toadstool (D:1)
366 creatures vanquished.

Vanquished Creatures (collateral kills)
  A catoblepas (Lair:6)
  A death yak (Lair:6)
  A cane toad (Lair:4)
  A yak (Lair:6)
4 creatures vanquished.

Vanquished Creatures (others)
  Erica (D:8)
  A centaur (D:12)
  36 fungi
  64 plants
  13 toadstools (D:1)
115 creatures vanquished.

Grand Total: 485 creatures vanquished

Notes
Turn   | Place    | Note
-------+----------+-------------------------------------------
     0 | D:1      | gruber the Demigod Conjurer began the quest for the Orb.
     0 | D:1      | Reached XP level 1. HP: 14/14 MP: 5/5
   548 | D:1      | Reached skill level 4 in Conjurations
   689 | D:1      | Reached XP level 2. HP: 20/20 MP: 7/7
   692 | D:1      | Learned a level 2 spell: Searing Ray
  1496 | D:1      | Reached XP level 3. HP: 26/26 MP: 8/8
  1925 | D:2      | Found a runed translucent door.
  1926 | D:2      | Noticed Crazy Yiuf
  2113 | D:2      | Noticed Sigmund
  2125 | D:2      | Killed Sigmund
  2126 | D:2      | Reached skill level 5 in Conjurations
  2126 | D:2      | Reached XP level 4. HP: 7/33 MP: 9/11
  2126 | D:2      | Reached XP level 5. HP: 8/38 MP: 9/12
  3167 | D:2      | Killed Crazy Yiuf
  3511 | D:3      | Learned a level 3 spell: Frozen Ramparts
  3841 | D:3      | Reached XP level 6. HP: 39/45 MP: 14/14
  4045 | D:4      | Reached skill level 6 in Conjurations
  4603 | D:4      | Noticed Eustachio
  4609 | D:4      | Killed Eustachio
  4682 | D:4      | Found a staircase to the Ecumenical Temple.
  4693 | D:4      | Reached XP level 7. HP: 50/50 MP: 17/17
  5063 | D:5      | Entered Level 5 of the Dungeon
  5288 | D:5      | Reached skill level 7 in Conjurations
  5704 | D:5      | Reached skill level 5 in Spellcasting
  5980 | D:5      | Reached skill level 8 in Conjurations
  5983 | D:5      | Reached XP level 8. HP: 52/57 MP: 19/19
  6391 | D:6      | Identified the +2 helmet of Qazlal {rPois rF+ rCorr Str-2}
  6424 | D:6      | Reached skill level 9 in Conjurations
  6994 | D:6      | Reached skill level 10 in Conjurations
  7184 | D:6      | Found Josu's Armour Shoppe.
  7594 | D:7      | Found Wogiskir's Armour Shop.
  7602 | D:7      | Bought a +2 pair of gloves of dexterity for 301 gold pieces
  7719 | D:7      | Found Riesath's Antique Weapon Shoppe.
  8245 | D:7      | Noticed a green ugly thing
  8252 | D:7      | Killed a green ugly thing
  8253 | D:7      | Reached XP level 9. HP: 24/62 MP: 20/20
  8263 | D:7      | HP: 3/62 [poisoned by a green ugly thing]
  9007 | D:8      | Noticed Erica
  9022 | D:8      | Killed Erica
  9798 | D:8      | Identified the +11 hand axe of an ossuary {vorpal, rElec}
  9874 | D:9      | Noticed a two-headed ogre
  9880 | D:9      | Killed a two-headed ogre
  9972 | D:9      | Noticed a centaur warrior
  9973 | D:9      | Noticed a fire dragon
  9986 | D:9      | Noticed a cyclops
  9987 | D:9      | Noticed a boulder beetle
  9988 | D:9      | Noticed a centaur warrior
  9988 | D:9      | Noticed a deep elf pyromancer
 10041 | D:9      | Reached XP level 10. HP: 64/69 MP: 21/21
 10065 | D:9      | Found a staircase to the Orcish Mines.
 10278 | D:9      | Reached skill level 1 in Fighting
 10864 | D:10     | Entered Level 10 of the Dungeon
 10905 | D:10     | Identified the +10 flail of Discord {freeze, rC+}
 10994 | D:10     | Reached skill level 5 in Fighting
 11287 | D:10     | Found a staircase to the Lair.
 11373 | D:10     | Noticed a two-headed ogre
 11382 | D:10     | Killed a two-headed ogre
 12012 | D:10     | Noticed Grum
 12021 | D:10     | Killed Grum
 12509 | D:11     | Reached XP level 11. HP: 92/92 MP: 21/22
 12686 | D:11     | Reached skill level 11 in Conjurations
 13700 | D:12     | Reached skill level 12 in Conjurations
 14562 | D:13     | Found a portal to a secret trove of treasure.
 15126 | D:13     | Noticed a centaur warrior
 15133 | D:13     | Killed a centaur warrior
 15133 | D:13     | Noticed a boulder beetle
 15151 | D:13     | Killed a boulder beetle
 15152 | D:13     | Reached skill level 5 in Ice Magic
 15311 | D:13     | Learned a level 4 spell: Summon Ice Beast
 15316 | D:13     | Learned a level 4 spell: Hailstorm
 15333 | D:13     | Noticed a two-headed ogre
 15339 | D:13     | Killed a two-headed ogre
 15673 | D:14     | Noticed a deep elf annihilator
 15782 | Lair:1   | Entered Level 1 of the Lair of Beasts
 17051 | Lair:2   | Noticed Fannar
 17118 | Lair:2   | Killed Fannar
 17119 | Lair:2   | Reached XP level 12. HP: 99/100 MP: 12/27
 18178 | Lair:3   | Found a staircase to the Swamp.
 18427 | Lair:3   | Found a hole to the Spider Nest.
 19073 | Lair:3   | Noticed an eight-headed hydra
 19082 | Lair:3   | Killed an eight-headed hydra
 19587 | Lair:4   | Reached skill level 13 in Conjurations
 20793 | Lair:5   | Found a staircase to the Slime Pits.
 21059 | Lair:5   | Noticed an eight-headed hydra
 21459 | Lair:5   | Identified the +1 leather armour of Mesios {Harm rElec
                  | Dex-2 Stlth+}
 21901 | Lair:6   | Entered Level 6 of the Lair of Beasts
 21999 | Lair:5   | Reached skill level 14 in Conjurations
 22409 | Lair:6   | Noticed a boulder beetle
 22676 | Lair:6   | Noticed a catoblepas
 22685 | Lair:6   | Killed a catoblepas
 22788 | Lair:6   | Reached XP level 13. HP: 73/105 MP: 9/29
 23167 | Lair:6   | Reached skill level 15 in Conjurations
 24205 | Lair:6   | HP: 5/105 [seven-headed hydra (6)]
 24205 | Lair:6   | HP: 2/105 [seven-headed hydra (3)]
 24722 | Lair:6   | Mangled by a boulder beetle

Illustrated notes

Levels and vault maps discovered:
D:1:      nagdon_arrival_zigzag_paths, layout_loops_ring,
          minmay_misc_feat_encased, hangedman_decor_points, minmay_pentomino_x2
D:2:      layout_basic, basic_altar,
          hellmonk_ecumenical_altar_pennies_from_heaven,
          uniq_crazy_yiuf_cottage, uniq_sigmund
D:3:      layout_rooms, nicolae_overflow_hidden_temple,
          chequers_serial_rivers_large_a, kennysheep_donut
D:4:      layout_basic, minmay_temple_entry_tees, patterned_corridor,
          uniq_eustachio
D:5:      layout_loops_corners, trog_ov_bears_minmay, minitemple,
          roderic_serpentine_path
D:6:      layout_basic, serial_shops, nicolae_shop_statue_plus,
          serial_bayou_ford_a
D:7:      layout_loops_corners, serial_shops, shop_fountains, shop_coins
D:8:      layout_basic, kennysheep_windowed_goal, uniq_erica
D:9:      lemuel_flame_loot_2, layout_irregular_city, minmay_stone_trees_medium,
          minivault_12
D:10:     layout_irregular_city, nicolae_qazlal_general_emergency,
          kennysheep_mini, dpeg_oklobed_lair, uniq_grum
D:11:     layout_long_grid
D:12:     layout_irregular_city
D:13:     layout_loops_corners, enter_trove_6, abandoned_shop
D:14:     kennysheep_funnel, layout_long_grid, david_vaults_1, serial_shops,
          shop, kennysheep_crisscross
Lair:1:   layout_hall_layers
Lair:2:   layout_long_grid, serial_forest, infiniplex_forest_clump_cross,
          infiniplex_forest_join, infiniplex_forest_straight_2,
          infiniplex_forest_straight_4, infiniplex_forest_straight_3,
          infiniplex_forest_clump_long, chequers_serial_rivers_room_a,
          uniq_fannar
Lair:3:   layout_regular_city, swamp_mist, spider_nest_entry_rubble,
          chequers_serial_rivers_large_b
Lair:4:   layout_cave_pods, grunt_megastairs_4
Lair:5:   layout_regular_city, nicolae_slime_entry_slimehenge, st_stairs_11
Lair:6:   evilmike_catoblepas_cave, layout_big_grid,
          nicolae_quartered_pool_little, pond

Skill      XL: |  1  2  3  4  5  6  7  8  9 10 11 12 13 |
---------------+----------------------------------------+-----
Conjurations   | 4 5 6 8 10 12 14 15 | 15.7
Spellcasting   | 2 3 4 5 7 8 |  8.0
Dodging        | 4 7 |  7.5
Axes           | 3 |  3.9
Fighting       | 7 |  7.0
Ice Magic      | 5 |  5.2
Long Blades    | |  0.2
Polearms       | |  0.2
Staves         | |  0.2
Slings         | |  0.2
Bows           | |  0.2
Crossbows      | |  0.2
Stealth        | |  1.7
Shields        | |  0.2
Hexes          | |  0.2
Summonings     | |  0.2
Necromancy     | |  0.5
Translocations | |  0.2
Transmutations | |  0.4
Fire Magic     | |  0.2
Air Magic      | |  0.2
Earth Magic    | |  0.4
Poison Magic   | |  0.3

Action                   |  1- 3 |  4- 6 |  7- 9 | 10-12 | 13-15 || total
-------------------------+-------+-------+-------+-------+-------++-------
Melee: Unarmed           |     5 |       |       |       |       ||     5
       Rapier            |       |       |    10 |       |       ||    10
       Hand axe          |       |       |     4 |   167 |    17 ||   188
 Cast: Magic Dart        |    95 |   121 |    36 |   140 |     7 ||   399
       Searing Ray       |     2 |     7 |    57 |   116 |    20 ||   202
       Frozen Ramparts   |       |       |     2 |    60 |    14 ||    76
       Summon Ice Beast  |       |       |       |     9 |    16 ||    25
       Hailstorm         |       |       |       |     3 |    10 ||    13
  Use: Potion            |       |       |     1 |     3 |       ||     4
       Scroll            |       |       |       |       |     2 ||     2
 Stab: Sleeping          |       |       |       |     2 |       ||     2
Armor: Robe              |     1 |     6 |    26 |   130 |    27 ||   190
Dodge: Dodged            |    14 |     6 |    73 |   440 |    83 ||   616

Table legend: (Time is in decaauts)
 A = Elapsed time spent in this place.
 B = Non-inter-level travel time spent in this place.
 C = Inter-level travel time spent in this place.
 D = Time resting spent in this place.
 E = Time spent auto-exploring this place.
 F = Levels seen in this place.
 G = Mean time per level.
                   A        B        C        D        E       F      G
               +--------+--------+--------+--------+--------+-----+--------+
         Total |  24808 |  23797 |   1011 |   1857 |  19398 |  20 | 1240.4 |
       Dungeon |  15819 |  15079 |    740 |    742 |  12832 |  14 | 1129.9 |
          Lair |   8989 |   8718 |    271 |   1115 |   6565 |   6 | 1498.2 |
               +--------+--------+--------+--------+--------+-----+--------+

Top non-repeatable levels by time:
  Lair:6: 2272 daAuts
     D:1: 1831 daAuts
    D:13: 1630 daAuts
  Lair:4: 1613 daAuts
  Lair:5: 1435 daAuts
     D:2: 1415 daAuts
  Lair:2: 1397 daAuts
  Lair:3: 1313 daAuts
    D:10: 1284 daAuts
     D:5: 1276 daAuts
     D:7: 1271 daAuts
     D:6: 1223 daAuts
    D:11: 1059 daAuts
     D:4: 1037 daAuts
     D:9: 1026 daAuts
